 Dungeon Crawl Stone Soup version 0.29.1-14-g9c671dbff4 (webtiles) character file.

Game seed: 17940308645501557368

3002 promet the Covert (level 9, -3/55 HPs)
             Began as an Octopode Hedge Wizard on Feb 13, 2023.
             Was a Priest of Sif Muna.
             Slain by a killer bee (5 damage)
             ... on level 9 of the Dungeon on Feb 14, 2023.
             The game lasted 01:39:43 (14649 turns).

promet the Covert (Octopode Hedge Wizard)          Turns: 14649, Time: 01:39:43

Health: -3/55      AC:  3    Str:  9    XL:     9   Next: 84%
Magic:  9/16       EV: 13    Int: 21    God:    Sif Muna [***...]
Gold:   538        SH:  0    Dex:  9    Spells: 10/21 levels left

rFire   . . .      SeeInvis .   c - +2 halberd (freeze)
rCold   + . .      Faith    .   (shield currently unavailable)
rNeg    + . .      Spirit   .   u - +2 hat
rPois   .          Reflect  .   E - amulet of regeneration
rElec   .          Harm     .   t - ring of wizardry
rCorr   .          Rampage  .   x - ring of positive energy
Will    .....                   M - ring of protection from cold
Stlth   +++++.....              (no ring)
HPRegen 0.98/turn               (no ring)
MPRegen 0.15/turn               (no ring)
                                (no ring)
                                (no ring)

@: lethally poisoned (-3 -> -6), about to teleport, on blink cooldown
A: almost no armour, amphibious, 8 rings, camouflage 1, gelatinous body 1,
(nimble swimmer 1), tentacles, tentacle spike 1, clumsy 1, low MP 1, screaming 1
a: Renounce Religion, Channel Magic, Forget Spell


You were on level 9 of the Dungeon.
You worshipped Sif Muna.
Sif Muna was most pleased with you.
You visited 1 branch of the dungeon, and saw 9 of its levels.
You also visited: Sewer.

You collected 538 gold pieces.

Inventory:

Hand Weapons
 a - a +5 rapier of protection
 b - a +0 sling
 c - a +2 halberd of freezing (weapon)
 g - a +0 dagger of pain
 l - a +1 vampiric dagger
 o - a +1 dagger of speed
 q - a +2 antimagic dagger
 B - a +0 morningstar
 O - a +1 dire flail of protection
 P - a +3 short sword
Missiles
 h - 104 stones
 j - 30 poisoned darts
 k - 20 boomerangs (quivered)
 w - a throwing net
 y - 2 atropa-tipped darts
 Q - a curare-tipped dart
Armour
 u - a +2 hat (worn)
Jewellery
 t - a ring of wizardry (left tentacle)
 x - a ring of positive energy (right tentacle)
 E - an amulet of regeneration (around mantle)
 M - a ring of protection from cold (on tentacle)
Wands
 s - a wand of roots (18)
 A - a wand of flame (19)
 D - a wand of digging (9)
Scrolls
 d - a scroll of enchant weapon
 m - 4 scrolls of teleportation
 F - 2 scrolls of poison
 G - 2 scrolls of amnesia
 H - a scroll of enchant armour
Potions
 f - 4 potions of brilliance
 i - a potion of haste
 r - a potion of flight
 v - a potion of cancellation
 z - 3 potions of magic
 I - 2 potions of attraction


   Skills:
 + Level 2.4 Fighting
 + Level 2.8 Short Blades
 + Level 3.6 Polearms
 + Level 2.2 Ranged Weapons
 + Level 0.9 Throwing
 + Level 3.5 Dodging
 * Level 8.4 Stealth
 + Level 6.5 Spellcasting
 + Level 2.7 Conjurations
 + Level 0.6 Hexes
 + Level 4.4 Summonings
 + Level 1.3 Translocations
 + Level 1.1 Fire Magic
 + Level 0.3 Ice Magic
 * Level 5.1 Invocations
 + Level 0.2 Evocations


You had 10 spell levels left.
You knew the following spells:

 Your Spells              Type           Power      Damage    Failure   Level
a - Magic Dart            Conj           72%        1d6       1%          1
b - Slow                  Hex            36%        N/A       2%          1
c - Blink                 Tloc           24%        N/A       3%          2
d - Call Imp              Summ           25%        N/A       1%          2
e - Ensorcelled Hibernat  Hex/Ice        16%        N/A       4%          2
f - Conjure Flame         Conj/Fire      15%        6-21      4%          3

Your spell library contained the following spells:

 Spells                   Type           Power      Damage    Failure   Level
 Shock                    Conj/Air       48%        1d6       2%          1
 Mephitic Cloud           Conj/Pois/Air  10%        N/A       8%          3
 Spider Form              Tmut/Pois      6%         N/A       12%         3
 Swiftness                Air            6%         N/A       12%         3
 Summon Ice Beast         Ice/Summ       16%        N/A       14%         4
 Anguish                  Hex/Necr       4%         N/A       32%         4
 Summon Mana Viper        Hex/Summ       17%        N/A       32%         5
 Airstrike                Air            3%         2d(1-17)  34%         4
 Fireball                 Conj/Fire      7%         3d5       41%         5
 Starburst                Conj/Fire      7%         6d4       91%         6
 Monstrous Menagerie      Summ           12%        N/A       99%         7
 Ignition                 Fire           5%         3d4       100%        8


Dungeon Overview and Level Annotations

Branches:
Dungeon (9/15)             Temple (0/1) D:6           Sewer (visited)
   Lair: D:8-11         Orc: D:9-12

Altars:
Ashenzari
Fedhas
Gozag
Qazlal
Sif Muna
Vehumet
Yredelemnul

Annotations:
D:4 exclusion: oklob plant


Innate Abilities, Weirdness & Mutations

You cannot wear most types of armour.
You are amphibious.
You can wear up to eight rings at the same time.
Your skin changes colour to match your surroundings (Stealth+).
Your rubbery body absorbs attacks. (AC +1, EV +1)
((You are camouflaged when in or above water. (Stealth+)))
You have tentacles for arms and can constrict up to eight enemies at once.
One of your tentacles bears a spike.
You are clumsy. (Dex -2)
Your magical capacity is low. (-10% MP)
You occasionally shout uncontrollably at your foes.


Message History

The bullfrog hits you. The killer bee stings you.
You are poisoned.
The killer bee poisons you! The killer bee stings you!
You are more poisoned.
The killer bee poisons you!
The killer bee stings you but does no damage.
The bullfrog misses you. The killer bee stings you!
* * * LOW HITPOINT WARNING * * *
The killer bee stings you.
* * * LOW HITPOINT WARNING * * *
You are lethally poisoned!
The killer bee poisons you! The killer bee barely misses you.
You feel much better.
You feel very sick.
The killer bee closely misses you. x2; The bullfrog closely misses you.
The killer bee closely misses you. The killer bee stings you.
The killer bee barely misses you. x2
The bullfrog releases a deep croak.
The bullfrog hits you.
* * * LOW HITPOINT WARNING * * *
Okay, then.
Casting: Conjure Flame (dangerous; 4% risk of failure)
Confirm with . or Enter, or press ? or * to list all spells.
You blink.
You feel very sick.
As you read the scroll of teleportation, it crumbles to dust.
You feel strangely unstable.
You feel very sick. The killer bee stings you.
* * * LOW HITPOINT WARNING * * *
The killer bee barely misses you.
You feel better. The killer bee stings you. The killer bee stings you!
* * * LOW HITPOINT WARNING * * *
The killer bee stings you.
* * * LOW HITPOINT WARNING * * *
The killer bee stings you.
* * * LOW HITPOINT WARNING * * *
You are lethally poisoned!
The killer bee poisons you! The killer bee stings you.
You die...

. #...# #........#. #. #...#
##..#.....#. #. #...#
#........... #.. #...#
#.........# ##.#..#
#...#####...##....##
.....?.#####...##.##...##....##
.##........F...............##
.............y........###......
....#.......yy@.......# #.#####
...#...#####.y.##.#######.# # .
##.# #...###)......#.## # #.#
#...# #.####)###.# #.# #...#
#.# #<.#.## #. #.... ...
#)#.### #...###.# #.#...##
#...# #.#.##......#
.............##


You could see a bullfrog and 4 killer bees.

Vanquished Creatures
  A hornet (D:8)
  A yak (D:8)
  Sigmund (D:4)
  Eustachio (D:4)
  2 steam dragons
  2 black bears
  An orc warrior (D:9)
  A sky beast (D:7)
  An ogre (D:5)
  2 kobold brigands
  4 bullfrogs
  2 scorpions
  3 wights (D:8)
  A killer bee (D:8)
  5 hounds
  2 jellies
  4 iguanas
  Ijyb (D:4)
  An orc wizard (D:5)
  5 adders
  8 gnolls
  A shadow imp (D:5)
  3 ufetubi
  4 worms
  2 dart slugs (D:2)
  14 orcs
  9 endoplasms
  7 giant cockroaches
  9 goblins
  4 hobgoblins
  5 jackals
  14 kobolds
  2 quokkas
  6 ball pythons
  8 bats
  3 frilled lizards
  10 rats
150 creatures vanquished.

Vanquished Creatures (collateral kills)
  A water moccasin (D:7)
  A kobold brigand (Sewer)
  An orc priest (D:5)
  An iguana (D:7)
  3 adders
  A white imp (D:6)
  A worm (D:3)
  A dart slug (D:2)
  2 orcs (D:4)
  A hobgoblin (D:2)
  A jackal (D:1)
  3 ball pythons
  A goblin (D:2)
  7 kobolds
  A spectral orc (D:8)
26 creatures vanquished.

Vanquished Creatures (others)
  10 plants
  14 toadstools (D:4)
24 creatures vanquished.

Grand Total: 200 creatures vanquished

Notes
Turn   | Place    | Note
-------+----------+-------------------------------------------
     0 | D:1      | promet the Octopode Hedge Wizard began the quest for the
                  | Orb.
     0 | D:1      | Reached XP level 1. HP: 11/11 MP: 4/4
    92 | D:1      | Found a faded altar of an unknown god.
    99 | D:1      | Prayed at the altar of an unknown god.
    99 | D:1      | Became a worshipper of Sif Muna the Loreminder
    99 | D:1      | Reached * piety under Sif Muna
   115 | D:1      | Reached XP level 2. HP: 9/17 MP: 1/6
   431 | D:1      | Learned a level 1 spell: Slow
   434 | D:1      | Learned a level 2 spell: Blink
   437 | D:1      | Learned a level 2 spell: Call Imp
  1235 | D:1      | Reached XP level 3. HP: 21/21 MP: 1/8
  1493 | D:2      | Reached skill level 3 in Stealth
  2007 | D:2      | Reached XP level 4. HP: 27/27 MP: 9/9
  2244 | D:2      | Reached ** piety under Sif Muna
  2266 | D:2      | Reached skill level 4 in Stealth
  2810 | D:3      | Found an opulent altar of Gozag.
  2969 | D:3      | Reached skill level 1 in Short Blades
  3133 | D:3      | Found a glowing drain.
  3141 | Sewer    | Entered a sewer
  3162 | Sewer    | Reached XP level 5. HP: 31/31 MP: 5/10
  4060 | Sewer    | Noticed a kobold brigand
  4078 | Sewer    | Killed a kobold brigand
  4079 | Sewer    | Reached skill level 5 in Stealth
  4079 | Sewer    | Reached skill level 1 in Invocations
  4397 | Sewer    | Noticed a kobold brigand
  4428 | Sewer    | Killed a kobold brigand
  4429 | Sewer    | Reached XP level 6. HP: 37/37 MP: 12/12
  4430 | Sewer    | Reached *** piety under Sif Muna
  4688 | D:4      | Noticed Eustachio
  4839 | D:4      | Killed Eustachio
  4840 | D:4      | Reached XP level 7. HP: 22/42 MP: 1/13
  5016 | D:4      | Found a blossoming altar of Fedhas.
  5024 | D:4      | Noticed Sigmund
  5314 | D:4      | Identified the +1 helmet of the Clam {rCorr}
  5436 | D:4      | Noticed Ijyb
  5473 | D:4      | Killed Ijyb
  5731 | D:4      | Killed Sigmund
  5732 | D:4      | Reached skill level 1 in Fighting
  5732 | D:4      | Reached skill level 6 in Stealth
  5881 | D:4      | Noticed an oklob plant
  5919 | D:5      | Entered Level 5 of the Dungeon
  6158 | D:5      | Reached skill level 1 in Ranged Weapons
  6533 | D:5      | Learned a level 2 spell: Ensorcelled Hibernation
  6543 | D:5      | Found a radiant altar of Vehumet.
  7231 | D:5      | Reached XP level 8. HP: 27/48 MP: 13/15
  7473 | D:5      | HP: 1/48 [ogre/+0 giant club (10)]
  7778 | D:5      | Learned a level 3 spell: Conjure Flame
  7835 | D:5      | Reached skill level 1 in Polearms
  7835 | D:5      | Reached skill level 5 in Spellcasting
  9407 | D:6      | Found a staircase to the Ecumenical Temple.
  9717 | D:6      | Reached skill level 7 in Stealth
 10203 | D:6      | Found a broken altar of Ashenzari.
 10221 | D:6      | Found a stormy altar of Qazlal.
 11299 | D:7      | Reached XP level 9. HP: 37/54 MP: 17/17
 12624 | D:8      | Noticed a hornet
 12636 | D:8      | Paralysed by a hornet for 3 turns
 13185 | D:8      | Reached skill level 8 in Stealth
 13401 | D:8      | Found a basalt altar of Yredelemnul.
 13739 | D:8      | Reached skill level 1 in Fire Magic
 13823 | D:8      | Killed a hornet
 13824 | D:8      | Reached skill level 5 in Invocations
 14265 | D:9      | Gained mutation: Your flesh is heat resistant. (rF+)
                  | [potion of mutation]
 14265 | D:9      | Gained mutation: You are dopey. (Int -2) [potion of
                  | mutation]
 14266 | D:9      | Lost mutation: Your flesh is heat resistant. (rF+) [potion
                  | of mutation]
 14266 | D:9      | Lost mutation: You are dopey. (Int -2) [potion of mutation]
 14266 | D:9      | Gained mutation: Your magical capacity is low. (-10% MP)
                  | [potion of mutation]
 14266 | D:9      | Gained mutation: You occasionally shout uncontrollably at
                  | your foes. [potion of mutation]
 14266 | D:9      | Gained mutation: You are clumsy. (Dex -2) [potion of
                  | mutation]
 14266 | D:9      | Gained mutation: One of your tentacles bears a spike.
                  | [potion of mutation]
 14649 | D:9      | HP: 2/55 [killer bee (6)]
 14649 | D:9      | Slain by a killer bee

Illustrated notes

Levels and vault maps discovered:
D:1:      psy_arrival_terrarium, layout_basic, chequers_ecumenical_altar_simple,
          kennysheep_flooded_box
D:2:      layout_loops_cross
D:3:      layout_rooms, mainiacjoe_overflow_cross_hatched,
          gup_sewer_entry_bubbles
D:4:      layout_cave_pools, tgw_fedhas, uniq_ijyb, uniq_sigmund, uniq_eustachio
D:5:      layout_loops_cross, vehumet_altar_wand_db, serial_park_tiny_pond,
          minmay_fountain_box, grunt_decor_junction
D:6:      layout_loops_ring, minitemple, minmay_temple_entry_from_below_a,
          nicolae_underground_beach
D:7:      lemuel_slime, layout_cave_pods, kennysheep_pointless_box, minivault_27
D:8:      layout_basic, yredelemnul_forgotten_temple_becter
D:9:      lemuel_bear_cage, layout_loops_cross, nicolae_ru_awakened_eye

Skill      XL: |  1  2  3  4  5  6  7  8  9 |
---------------+----------------------------+-----
Stealth        | 3 4 5 6 7 8 |  8.4
Short Blades   | 1 2 |  2.8
Spellcasting   | 4 5 6 |  6.5
Invocations    | 1 2 3 5 |  5.1
Summonings     | 2 3 4 |  4.4
Fighting       | 1 2 |  2.4
Ranged Weapons | 1 2 |  2.2
Dodging        | 3 |  3.5
Polearms       | 2 3 |  3.6
Conjurations   | 2 |  2.7
Fire Magic     | 1 |  1.1
Throwing       | |  0.9
Hexes          | |  0.6
Translocations | |  1.3
Ice Magic      | |  0.3
Evocations     | |  0.2

Action                   |  1- 3 |  4- 6 |  7- 9 || total
-------------------------+-------+-------+-------++-------
Melee: Dagger            |    25 |    75 |       ||   100
       Constrict         |     9 |    15 |    36 ||    60
       Tentacles         |     4 |    20 |    31 ||    55
       Punch             |     1 |       |       ||     1
       Rapier            |       |       |    64 ||    64
       Halberd           |       |       |   139 ||   139
       Kick              |       |       |     2 ||     2
 Fire: Sling             |       |    10 |    21 ||    31
Throw: Dart              |       |     7 |    13 ||    20
       Stone             |       |     1 |     3 ||     4
       Boomerang         |       |       |     3 ||     3
 Cast: Magic Dart        |    50 |    69 |   142 ||   261
       Call Imp          |     4 |    21 |    34 ||    59
       Blink             |     1 |     1 |     6 ||     8
       Slow              |     1 |     2 |    11 ||    14
       Ensorcelled Hiber |       |       |     2 ||     2
       Conjure Flame     |       |       |    29 ||    29
Invok: Channel Magic     |       |       |     1 ||     1
Evoke: Wand              |       |     2 |     1 ||     3
  Use: Scroll            |     7 |     8 |     9 ||    24
       Potion            |       |     3 |    13 ||    16
 Stab: Sleeping          |     1 |     6 |     6 ||    13
       Invisible         |       |     1 |       ||     1
       Distracted        |       |       |     1 ||     1
Armor: Skin              |     2 |    21 |    46 ||    69
Dodge: Dodged            |    15 |    71 |   194 ||   280
